Map: Orbital Shipyard

Players

LilDicky

  • Race: Terran Terran
  • League: Diamond

seitys - Winner!

  • Race: Zerg Zerg
  • League: Diamond

VOD

http://www.twitch.tv/tumescentpie

Description

Time

  • Played on: Dec. 25, 2015, 6:48 p.m.
  • Length: 15:29
Show
View Real Time Build Order
Export as new Build Order

LilDicky Terran 

Build Orders: Command Center First (CC), Hellion Banshee 

Get SALT Encoding   

  12  0:01  SCV  
  13  0:14  SCV  
  14  0:18  Supply Depot  
  14  0:26  SCV  
  15  0:40  SCV  
  16  0:52  SCV  
  17  1:01  Command Center  
  17  1:04  SCV  
  18  1:16  Barracks  
  19  1:18  SCV  
  19  1:30  SCV  
  20  1:41  Refinery  
  20  1:42  SCV, Refinery  
  21  1:58  SCV  
  22  2:12  Orbital Command  
  22  2:13  Marine  
  22  2:15  Supply Depot  
  23  2:16  Orbital Command  
  23  2:23  Refinery  
  24  2:41  Factory  
  24  2:44  Barracks Reactor  
  23  2:45  SCV x2  
  25  2:57  SCV x2  
  27  3:09  SCV  
  27  3:10  SCV  
  29  3:21  SCV  
  30  3:28  Starport  
  30  3:31  Hellion x2, Barracks Tech Lab  
  30  3:32  SCV  
  30  3:33  SCV  
  36  3:44  SCV  
  36  3:45  Supply Depot, SCV  
  38  3:53  Armory  
  38  3:56  SCV  
  38  3:58  Hellion x2  
  38  3:59  SCV  
  44  4:06  Supply Depot  
  44  4:08  SCV  
  45  4:11  SCV  
  45  4:12  Cloaking Field  
  45  4:13  Banshee  
  45  4:14  Supply Depot, Marine  
  50  4:20  Hellion x2  
  54  4:26  Supply Depot  
  54  4:27  SCV  
  55  4:37  SCV, Supply Depot  
  55  4:38  Marine  
  57  4:40  SCV  
  57  4:44  Hellion x2  
  62  4:54  Supply Depot  
  62  4:55  SCV  
  62  4:56  SCV, Banshee, Marine  
  62  4:58  Supply Depot  
  68  5:05  Hellion  
  68  5:06  Hellion  
  72  5:20  Marine  
  73  5:46  Banshee, Hellion  
  73  5:47  Hellion  
  80  5:50  Marine  
  80  5:51  Command Center, SCV  
  80  5:56  Supply Depot, Barracks x2  
  82  5:58  Barracks  
  82  6:03  Supply Depot  
  74  6:12  Liberator  
  64  6:21  Widow Mine x2  
  61  6:26  Engineering Bay, Marine  
  63  6:43  Marine  
  63  6:45  Supply Depot  
  64  6:49  SCV x2  
  64  6:52  Refinery  
  66  6:57  Missile Turret  
  66  6:59  Missile Turret  
  66  7:01  Missile Turret, Marine  
  65  7:08  Widow Mine x2  
  65  7:10  Barracks Tech Lab  
  65  7:12  Barracks Reactor x2  
  67  7:16  Missile Turret  
  67  7:17  Missile Turret  
  64  7:26  Orbital Command  
  64  7:28  Missile Turret x2  
  64  7:29  SCV x2, Starport Reactor  
  66  7:32  Missile Turret x2  
  66  7:34  Missile Turret  
  66  7:37  Missile Turret  
  66  7:50  Orbital Command  
  66  7:54  Marine  
  66  7:55  Marine  
  68  7:59  Missile Turret  
  68  8:01  Missile Turret  
  68  8:04  SCV  
  69  8:07  SCV, Marine x2  
  69  8:08  Marine x2  
  69  8:10  Combat Shields, Stimpack  
  69  8:11  Medivac x2  
  69  8:12  Marine  
  78  8:14  Missile Turret  
  78  8:16  SCV  
  78  8:19  SCV  
  81  8:28  SCV  
  81  8:33  Marine  
  81  8:34  Marine x3  
  85  8:38  Widow Mine x2  
  85  8:39  SCV x2  
  85  8:40  SCV  
  93  8:43  Marine x2  
  95  8:51  SCV, Marine x3  
  95  8:52  Marine  
  100  9:01  Marine x2  
  102  9:06  Sensor Tower  
  102  9:09  Marine x4  
  105  9:10  Engineering Bay  
  105  9:13  SCV x2, Engineering Bay  
  105  9:14  Missile Turret  
  108  9:29  Marine x3  
  108  9:30  Marine x3  
  114  9:31  Concussive Shells  
  114  9:41  Terran Infantry Weapons Level 1, Terran Infantry Armor Level 1  
  114  9:44  Sensor Tower  
  114  9:47  SCV x3, Missile Turret, Marine x4  
  114  9:48  Marauder, Refinery, Marine  
  114  9:49  Refinery  
  124  9:54  Missile Turret  
  124  9:57  Missile Turret  
  124  9:59  SCV  
  125  10:05  Marine x4  
  125  10:06  Marauder  
  131  10:09  Marine  
  131  10:22  Marine  
  131  10:23  Marine x3  
  131  10:27  Marine x2  
  137  10:40  Marine x3  
  137  10:41  Marine  
  137  10:42  Command Center  
  138  10:44  Barracks  
  138  10:45  Barracks x2, Marauder  
  140  10:53  Marauder  
  127  10:58  Marine x3  
  127  10:59  Marine  
  127  11:01  Barracks  
  131  11:06  Marine  
  132  11:13  Marine  
  132  11:16  Marine x4  
  136  11:24  Marine  
  137  11:31  Marine  
  137  11:32  Medivac  
  140  11:34  Marine  
  140  11:38  Medivac, Marine x2  
  145  11:40  Terran Infantry Weapons Level 2, Terran Infantry Armor Level 2  
  145  11:42  Supply Depot, Marauder  
  145  11:43  Supply Depot, Hi-Sec Auto Tracking  
  145  11:44  Supply Depot  
  140  11:50  Marauder  
  120  12:06  Liberator x2  
  105  12:10  Marine x6  
  105  12:11  Marine x4  
  107  12:24  Planetary Fortress  
  107  12:28  Missile Turret  
  107  12:29  Marauder x2  
  117  12:33  Supply Depot x2  
  117  12:34  Supply Depot  
  117  12:35  Marine  
  117  12:36  Marine x3  
  121  12:49  Liberator x2  
  121  12:51  Marauder x2  
  124  12:54  Marine x2  
  126  13:04  Starport  
  126  13:12  Marauder x2  
  128  13:32  Liberator x2  
  123  13:38  Marine x2  
  123  13:39  Marine x3  
  123  13:40  Marauder  
  125  13:42  SCV  
  125  13:43  Marine x2  
  125  13:44  Marauder  
  125  13:47  Marine  
  135  14:01  Marauder  
  137  14:04  Marine x2  
  137  14:05  Marine x2  
  137  14:06  Barracks Tech Lab x3  
  141  14:15  Marine x2  
  143  14:20  Missile Turret x2  
  143  14:21  Missile Turret x2  
  143  14:22  Marine x4  
Show
View Real Time Build Order
Export as new Build Order

seitys Zerg - Winner!

Build Orders: Hatch First 

Get SALT Encoding   

  12  0:01  Drone  
  13  0:08  Drone  
  14  0:17  Overlord  
  14  0:35  Drone x3  
  17  0:46  Drone  
  18  0:56  Hatchery  
  17  0:59  Drone  
  18  1:08  Drone  
  19  1:17  Spawning Pool  
  18  1:19  Drone  
  18  1:24  Extractor  
  18  1:29  Overlord  
  18  1:40  Drone  
  19  1:50  Hatchery  
  19  1:54  Drone  
  19  2:04  Queen  
  21  2:14  Queen  
  23  2:21  Zergling x2  
  23  2:22  Zergling x2  
  25  2:27  Metabolic Boost  
  25  2:31  Drone  
  25  2:34  Drone  
  27  2:37  Drone  
  27  2:42  Drone  
  29  2:46  Drone  
  29  2:47  Drone  
  31  2:51  Drone  
  31  2:54  Drone  
  33  2:59  Overlord  
  33  3:06  Drone x2  
  33  3:09  Drone  
  36  3:16  Drone x2  
  36  3:17  Drone  
  39  3:22  Lair  
  39  3:25  Drone  
  40  3:30  Drone x2  
  40  3:31  Drone  
  43  3:34  Extractor  
  43  3:35  Extractor  
  43  3:36  Drone, Extractor  
  41  3:46  Drone x2  
  41  3:47  Drone x3  
  41  3:48  Drone  
  47  3:51  Drone  
  47  3:52  Drone  
  47  3:54  Drone  
  50  3:59  Overlord x2  
  50  4:09  Spore Crawler  
  49  4:10  Drone  
  49  4:11  Spore Crawler  
  49  4:14  Overlord  
  49  4:21  Spire  
  48  4:24  Pneumatized Carapace  
  48  4:30  Drone x3  
  51  4:32  Drone  
  51  4:37  Drone x3  
  55  4:45  Evolution Chamber, Drone  
  54  4:46  Evolution Chamber, Drone  
  55  4:53  Overlord, Drone  
  55  4:54  Drone  
  55  4:58  Queen  
  59  5:01  Drone  
  59  5:02  Drone  
  59  5:06  Drone x2  
  59  5:07  Drone  
  62  5:16  Spine Crawler  
  62  5:17  Zergling x10  
  62  5:18  Zergling x2  
  67  5:29  Spine Crawler  
  67  5:32  Mutalisk x4  
  67  5:33  Mutalisk  
  75  5:41  Mutalisk x2  
  69  5:43  Zergling x2  
  69  5:46  Mutalisk  
  69  5:48  Mutalisk  
  72  5:51  Mutalisk  
  74  6:02  Mutalisk  
  74  6:03  Overseer  
  71  6:11  Zergling x4  
  71  6:12  Drone x3, Zergling x2  
  71  6:13  Drone x3  
  70  6:28  Drone x5  
  70  6:29  Drone  
  76  6:34  Queen  
  78  6:40  Drone x3  
  81  6:48  Drone  
  81  6:49  Extractor  
  81  6:50  Overlord x2  
  81  6:52  Extractor  
  80  6:54  Zerg Melee Weapons Level 1  
  80  7:00  Zerg Ground Armor Level 1  
  76  7:17  Drone x2  
  76  7:18  Drone x6  
  84  7:28  Hatchery  
  83  7:32  Infestation Pit  
  82  7:39  Spore Crawler  
  82  7:41  Spine Crawler  
  82  7:42  Drone  
  82  7:43  Drone x4  
  85  7:49  Spine Crawler  
  85  7:51  Overlord x2  
  84  7:54  Drone x3  
  87  8:00  Zerg Flyer Weapons Level 1  
  87  8:12  Drone x7  
  94  8:13  Drone x2  
  94  8:19  Hive, Extractor  
  95  8:21  Extractor  
  94  8:28  Drone, Spire  
  94  8:29  Drone x2  
  95  8:46  Drone x3  
  95  8:47  Drone  
  99  8:48  Spore Crawler  
  99  8:50  Drone x3, Spine Crawler  
  99  8:51  Spine Crawler  
  99  9:02  Zerg Ground Armor Level 2, Zerg Melee Weapons Level 2  
  99  9:09  Drone x2  
  101  9:11  Hatchery  
  100  9:40  Ultralisk Cavern, Greater Spire  
  100  9:41  Corruptor  
  100  9:42  Corruptor x4  
  100  9:43  Overlord  
  109  9:54  Zerg Flyer Armor Level 1  
  109  9:55  Drone x2  
  109  9:58  Overlord x5  
  111  10:04  Zergling x4  
  111  10:05  Zergling x6  
  115  10:11  Zergling x4  
  115  10:12  Zergling x6  
  119  10:18  Pathogen Glands  
  119  10:25  Infestor x5  
  119  10:26  Infestor  
  119  10:28  Zergling x6  
  133  10:32  Spine Crawler  
  133  10:34  Chitinous Plating  
  132  10:44  Ultralisk  
  132  10:46  Ultralisk  
  136  10:59  Ultralisk  
  139  11:07  Ultralisk  
  143  11:25  Ultralisk  
  149  11:29  Zerg Ground Armor Level 3  
  149  11:31  Zerg Melee Weapons Level 3  
  145  11:57  Hatchery  
  135  12:24  Zerg Flyer Weapons Level 2  
  135  12:25  Zerg Flyer Armor Level 2  
  135  12:35  Corruptor x3  
  141  12:55  Overlord x3  
  141  12:56  Overlord x2  
  141  13:26  Drone x4  
  145  13:30  Drone x5  
  145  13:31  Drone x3  
  151  13:51  Hatchery  
  150  14:03  Spawning Pool  
  150  14:04  Spawning Pool  
  150  14:07  Corruptor  
  150  14:08  Corruptor x2  
  150  14:09  Corruptor x3  
  151  14:56  Corruptor  
  151  14:57  Brood Lord x6  
  183  15:00  Overlord x5  
  183  15:15  Extractor  
  183  15:20  Extractor  
Tags
 
Add a new tag
Caveats
  • Supply blocks, unpowered buildings, or Contaminate may cause inaccurate times.
  • Supply counts are checked every 10 seconds.